AoeStats
← Ragnar.Guerrero

Arena

509217327Analyzed
2v2 RM · 5d ago on Sep 25, 2026· 19m 36s· 4 players
Game mode
Random Map
Map size
Medium (4 player)
Population
200
Speed
Normal
Resources
Standard
Victory
Conquest
Starting age
Dark Age
Ending age
Imperial Age
RankedLock teamsTeams togetherTeam positionsShared explorationLock speedFull tech treeHidden civsTurbo modeCheats
Victory
Defeat
🇲🇽 Sicilians · Mexico
1140
+16
🇲🇽 Cumans · Mexico
1133
+16
🇦🇷 Turks · Argentina
1197
-19
🇦🇷 Lithuanians · Argentina
1074
-13
Ragnar.Guerrero
10:28 Loom
12:14 Feudal Age
16:34 Castle Age
MESSIAS
10:44 Feudal Age
11:52 Double-Bit Axe
14:31 Wheelbarrow
18:03 Castle Age
16:23 Gold Mining
17:43 Bloodlines
iSlayerXtrem
6:35 Loom
9:45 Feudal Age
10:38 Double-Bit Axe
10:37 Horse Collar
12:18 Forging
12:15 Scale Mail Armor
21:50 Castle Age
19:45 Fletching
Jorge el glorioso maton
9:02 Feudal Age
9:45 Loom
20:20 Castle Age
18:19 Horse Collar
Connection lost

Rejoining the realm…

Still unreachable

The connection could not be restored.

Session expired

The server has moved on; the page needs a fresh start.